 Dungeon Crawl Stone Soup version 0.28.0-53-g5a82cb258f (webtiles) character file.

Game seed: 8417681210226250637

630 Peloso the Slasher (level 7, -3/61 HPs)
             Began as a Minotaur Fighter on May 21, 2022.
             Succumbed to Dowan's poison
             ... on level 4 of the Dungeon.
             The game lasted 00:05:00 (3788 turns).

Peloso the Slasher (Minotaur Fighter)               Turns: 3788, Time: 00:05:01

Health: -3/61      AC: 16    Str: 20    XL:     7   Next: 24%
Magic:  6/6        EV:  6    Int:  5    God:
Gold:   105        SH:  5    Dex: 12    Spells: 6/6 levels left

rFire   . . .      SeeInvis .   a - +0 long sword
rCold   . . .      Faith    .   c - +0 buckler
rNeg    . . .      Spirit   .   h - +3 plate armour
rPois   .          Reflect  .   (helmet restricted)
rElec   .          Harm     .   (no cloak)
rCorr   .          Rampage  .   o - +0 pair of gloves
Will    .....                   (no boots)
Stlth   ..........              (no amulet)
HPRegen 0.20/turn               (no ring)
MPRegen 0.10/turn               (no ring)

@: lethally poisoned (-3 -> -23)
A: horns 2, retaliatory headbutt
a: no special abilities


You were on level 4 of the Dungeon.
You visited 1 branch of the dungeon, and saw 4 of its levels.

You collected 105 gold pieces.

Inventory:

Hand Weapons
 a - a +0 long sword (weapon)
Armour
 b - a +0 scale mail
 c - a +0 buckler (worn)
 h - a +3 plate armour (worn)
 o - a +0 pair of gloves (worn)
Jewellery
 k - a ring of magical power
 q - an amulet of guardian spirit
 s - a ring of protection from fire
Scrolls
 f - a scroll of fog {unknown}
 g - 3 scrolls of teleportation {unknown}
 i - a scroll of enchant weapon {unknown}
 m - a scroll of blinking {unknown}
 p - a scroll of identify {unknown}
 r - a scroll of holy word {unknown}
 t - a scroll of summoning {unknown}
 u - 2 scrolls of fear {unknown}
Potions
 d - a potion of might
 e - a potion of attraction {unknown}
 j - 2 potions of flight {unknown}
 l - a potion of magic {unknown}
 n - a potion of haste {unknown}


   Skills:
 + Level 5.2 Fighting
 + Level 7.1 Long Blades
 + Level 5.5 Armour
 + Level 1.0 Dodging
 + Level 4.7 Shields


You had 6 spell levels left.
You didn't know any spells.
Your spell library contained the following spells:

 Spells                   Type           Power      Damage    Failure   Level
 Pain                     Necr           0%         1d4       100%        1
 Agony                    Necr           0%         N/A       100%        5
 Excruciating Wounds      Necr           0%         N/A       100%        5


Dungeon Overview and Level Annotations

Branches:
Dungeon (4/15)
 Temple: D:4-7

Altars:
Elyvilon

Shops:
D:3 !   D:4 *

Annotations:
D:4 Allula97's ghost, weakling DsWr; Dowan


Innate Abilities, Weirdness & Mutations

You have a pair of horns on your head.
You reflexively headbutt those who attack you in melee.


Message History

You closely miss Duvessa.
Duvessa is severely wounded.
Duvessa hits you with a +2 short sword of speed.
You slash Duvessa!
Duvessa is almost dead.
Duvessa barely misses you. You furiously retaliate!
You headbutt Duvessa. Duvessa closely misses you. You furiously retaliate!
You headbutt Duvessa.
You kill Duvessa!
Dowan's eyes darken. "You have made a black mistake."
Dowan seems to find hidden reserves of power!
Your Long Blades skill increases to level 7!
Dowan breathes, "And she was my only..."
Dowan casts a spell at you. You block the shard of ice.
Dowan hits you but does no damage.
Things that are here:
a +2 short sword of speed; a +0 leather armour; the elf corpse of Duvessa You barely miss Dowan.
You block Dowan's attack.
You hit Dowan.
Dowan is lightly wounded.
Dowan hits you with a +4 dagger of venom.
You are poisoned.
Dowan casts a spell at you. The shard of ice hits you.
You hit Dowan. You headbutt Dowan!
Dowan is heavily wounded.
You feel very sick.
Dowan hits you with a +4 dagger of venom.
You are more poisoned.
You barely miss Dowan. Your headbutt misses Dowan.
Dowan is heavily wounded.
You feel very sick. Dowan hits you but does no damage.
You are lethally poisoned!
Dowan says, "How can I live without her?"
Dowan gestures at you while chanting. The stone arrow hits you!
* * * LOW HITPOINT WARNING * * *
You closely miss Dowan. You headbutt Dowan!
Dowan is almost dead.
You die...

#.#
#.....
#.#
######
#.#
#.#
#>#
#.#
#.#
#.#
#@#
#e#
#.#
#.#
..#
###


You could see Dowan (fast).

Vanquished Creatures
  Sigmund (D:2)
  Duvessa (D:4)
  A phantom (D:4)
  Terence (D:2)
  An iguana (D:4)
  4 orc wizards
  3 adders
  2 worms
  4 dart slugs
  7 orcs
  9 ball pythons
  9 endoplasms
  4 giant cockroaches
  11 goblins
  7 hobgoblins
  8 jackals
  4 quokkas
  8 bats
  4 frilled lizards
  5 kobolds
  4 rats
98 creatures vanquished.

Notes
Turn   | Place    | Note
-------+----------+-------------------------------------------
     0 | D:1      | Peloso the Minotaur Fighter began the quest for the Orb.
     0 | D:1      | Reached XP level 1. HP: 19/19 MP: 0/0
   283 | D:1      | Reached XP level 2. HP: 27/27 MP: 1/1
   544 | D:1      | Reached XP level 3. HP: 30/33 MP: 2/2
   677 | D:1      | Found a faded altar of an unknown god.
  1103 | D:2      | Reached skill level 3 in Long Blades
  1580 | D:2      | Noticed Terence
  1588 | D:2      | Killed Terence
  1589 | D:2      | Reached skill level 4 in Long Blades
  1589 | D:2      | Reached XP level 4. HP: 40/40 MP: 3/3
  2192 | D:2      | Noticed Sigmund
  2203 | D:2      | Killed Sigmund
  2204 | D:2      | Reached skill level 5 in Long Blades
  2204 | D:2      | Reached skill level 1 in Dodging
  2204 | D:2      | Reached XP level 5. HP: 26/47 MP: 4/4
  2204 | D:2      | Reached XP level 6. HP: 30/53 MP: 5/5
  2636 | D:3      | Found Ulouh's Distillery.
  2700 | D:3      | Found a white marble altar of Elyvilon.
  3116 | D:3      | Reached skill level 6 in Long Blades
  3424 | D:4      | Reached skill level 5 in Fighting
  3588 | D:4      | Reached skill level 5 in Armour
  3588 | D:4      | Reached XP level 7. HP: 61/61 MP: 6/6
  3601 | D:4      | Found Midoatix's Merry Market.
  3644 | D:4      | Noticed Allula97's ghost (weakling DsWr)
  3770 | D:4      | Noticed Dowan
  3771 | D:4      | Noticed Duvessa
  3782 | D:4      | Killed Duvessa
  3783 | D:4      | Reached skill level 7 in Long Blades
  3787 | D:4      | HP: 2/61 [Dowan/stone arrow (17)]
  3788 | D:4      | Succumbed to Dowan's poison

Illustrated notes

Levels and vault maps discovered:
D:1:      minmay_arrival_split_and_join, layout_basic,
          shapermc_ecumenical_altar_ellora
D:2:      layout_basic, uniq_terence, uniq_sigmund
D:3:      layout_basic, elyvilon_altar_5, serial_shops, nicolae_diamond_shop,
          minmay_quadrilaterals
D:4:      layout_basic, grunt_temple_overflow_open, gammafunk_ghost_arena,
          nicolae_alphabet_shops, uniq_blork_the_orc, uniq_robin, uniq_duvessa

Skill      XL: |  1  2  3  4  5  6  7 |
---------------+----------------------+-----
Shields        | 4 |  4.7
Fighting       | 4 5 |  5.2
Armour         | 4 5 |  5.5
Long Blades    | 4 5 6 7 |  7.1
Dodging        | 1 |  1.0

Action                   |  1- 3 |  4- 6 |  7- 9 || total
-------------------------+-------+-------+-------++-------
Melee: Long sword        |    90 |   153 |    16 ||   259
       Headbutt          |    15 |    22 |     4 ||    41
Armor: Scale mail        |    64 |       |       ||    64
       Plate armour      |     3 |   111 |     5 ||   119
Dodge: Dodged            |    74 |    23 |     3 ||   100
Block: Buckler           |    22 |    28 |     6 ||    56
